 Dungeon Crawl Stone Soup version 0.30-a0-779-g7971cf19c3 (webtiles) character file.

Game seed: 12234607961917544762

50 cheesebisquit the Digger (level 3, 19/19 HPs)
             Began as a Gargoyle Earth Elementalist on Feb 17, 2023.
             Quit the game on level 2 of the Dungeon.
             The game lasted 00:06:28 (1357 turns).

cheesebisquit the Digger (GrEE)                     Turns: 1357, Time: 00:06:29

Health: 19/19      AC:  6    Str: 11    XL:     3   Next: 79%
Magic:  2/7        EV: 11    Int: 17    God:
Gold:   97         SH:  0    Dex: 10    Spells: 7/8 levels left

rFire   . . .      SeeInvis .    (no weapon)
rCold   . . .      Faith    .    (no shield)
rNeg    + . .      Spirit   .    a - +0 robe
rPois   ∞          Reflect  .    (no helmet)
rElec   +          Harm     .    (no cloak)
rCorr   .          Rampage  .    (no gloves)
Will    .....                    e - +0 pair of boots
Stlth   ++                       (no amulet)
HPRegen 0.23/turn                (no ring)
MPRegen 0.10/turn                (no ring)

@: no status effects
A: sickness immunity, AC +3, negative energy resistance 1, electricity
resistance, torment resistance 1, petrification resistance
a: no special abilities


You were on level 2 of the Dungeon.
You visited 1 branch of the dungeon, and saw 2 of its levels.

You collected 97 gold pieces.

Inventory:

Armour
 a - a +0 robe (worn)
 e - a +0 pair of boots (worn)
Scrolls
 c - a scroll of vulnerability {unknown}
 d - a scroll of identify {unknown}
 f - 3 scrolls of magic mapping {unknown}
 g - a scroll of blinking {unknown}
 h - 3 scrolls of enchant weapon {unknown}
 i - a scroll of teleportation {unknown}
Potions
 b - 3 potions of magic


   Skills:
 - Level 1.5 Dodging
 - Level 2.1 Stealth
 + Level 3.0 Spellcasting
 - Level 0.7 Transmutations
 + Level 4.7 Earth Magic


You had 7 spell levels left.
You knew the following spells:

 Your Spells              Type           Power      Damage    Failure   Level
a - Sandblast             Erth           36%        2d10      2%          1

Your spell library contained the following spells:

 Spells                   Type           Power      Damage    Failure   Level
 Passwall                 Tmut/Erth      9%         N/A       9%          2
 Necrotise                Necr           8%         1d4       17%         1
 Stone Arrow              Conj/Erth      20%        3d8       21%         3
 Vampiric Draining        Necr           2%         2d6       45%         3
 Petrify                  Tmut/Erth      11%        N/A       50%         4
 Agony                    Necr           2%         N/A       99%         5


Dungeon Overview and Level Annotations

Branches:
Dungeon (2/15)

Altars:

Annotations:
D:2 Sigmund


Innate Abilities, Weirdness & Mutations

You are immune to sickness and miasma.
Your stone body is resilient. (AC +3)
You are immune to poison.
You resist negative energy. (rN+)
You are resistant to electric shocks. (rElec)
You are resistant to unholy torment.
You are immune to petrification.


Message History

The blast of sand hits the goblin!
You kill the goblin!
A frilled lizard is nearby!
You see here a +0 dagger.
The frilled lizard hisses angrily.
The blast of sand hits the frilled lizard!
You kill the frilled lizard!
You see here a +0 dagger.
A jackal comes into view.
You see here 18 gold pieces.
You now have 97 gold pieces (gained 18).
The blast of sand misses the jackal.
The jackal barks!
You hear a bark! x2
A jackal comes into view.
The jackal barely misses you.
The blast of sand hits the jackal!
You kill the jackal!
A jackal comes into view.
The blast of sand hits the jackal.
The jackal is almost dead.
The jackal barks!
The jackal bites you but does no damage.
The blast of sand hits the jackal but does no damage.
The jackal is almost dead.
The jackal misses you.
The jackal bites you but does no damage. x2
The jackal closely misses you.
The blast of sand hits the jackal!
You kill the jackal!
The jackal barely misses you.
The jackal bites you but does no damage.
Your Spellcasting skill increases to level 3!
You barely miss the jackal.
The jackal bites you but does no damage.
The blast of sand hits the jackal!
You kill the jackal!
Level annotation: Sigmund Welcome back, cheesebisquit the Gargoyle Earth Elementalist.
Press ? for a list of commands and other information.
Are you sure you want to abandon this character and quit the game? (Confirm with "yes".)

......#..###..#.####### #.#.#..
...##.#....#..#.......#####......
#.....#.......#..###.....#.......
#.....#..♣♣♣..#..###.....#..#.#..
#<....#.♣# #♣.#..##......#..#...
........♣ ♣.#..##......#..#...
........♣ ♣.#..##.............
......#.. #.†...).....†.....
#........ #.@##.#.###...#..#
#.......# #..†....#.# ...#
#........ +.......#.# ...#
........# #.......... ...#
....##### #.......#+# ....
+........ ..... #......... ......
...##.#....


There were no monsters in sight!

Vanquished Creatures
  A dart slug (D:1)
  5 bats
  4 endoplasms
  2 giant cockroaches (D:1)
  7 goblins
  5 hobgoblins (D:1)
  3 jackals (D:2)
  2 kobolds (D:1)
  3 quokkas (D:1)
  2 ball pythons
  A frilled lizard (D:2)
  5 rats
40 creatures vanquished.

Notes
Turn   | Place    | Note
-------+----------+-------------------------------------------
     0 | D:1      | cheesebisquit the Gargoyle Earth Elementalist began the
                  | quest for the Orb.
     0 | D:1      | Reached XP level 1. HP: 10/10 MP: 3/3
   273 | D:1      | Reached XP level 2. HP: 14/15 MP: 0/5
   280 | D:1      | Reached skill level 4 in Earth Magic
   611 | D:1      | Reached XP level 3. HP: 19/19 MP: 6/6
  1256 | D:2      | Noticed Sigmund
  1357 | D:2      | Quit the game

Illustrated notes

Levels and vault maps discovered:
D:1:      dpeg_arrival_morbid_curiosity, layout_rooms, hangedman_decor_lopped,
          minmay_bisected
D:2:      layout_basic, minmay_stone_trees_small, roderic_roman_lattice,
          corexii_hall_statues_x, uniq_sigmund

Skill      XL: |  1  2  3 |
---------------+----------+-----
Earth Magic    | 4 |  4.7
Spellcasting   | 3 |  3.0
Dodging        | |  1.5
Stealth        | |  2.1
Transmutations | |  0.7

Action                     || total
---------------------------++-------
  Melee: Unarmed           ||    49
         Punch             ||     1
   Cast: Sandblast         ||    47
 Armour: Robe              ||    41
  Dodge: Dodged            ||    50

Table legend: (Time is in decaauts)
 A = Elapsed time spent in this place.
 B = Non-inter-level travel time spent in this place.
 C = Inter-level travel time spent in this place.
 D = Time resting spent in this place.
 E = Time spent auto-exploring this place.
 F = Levels seen in this place.
 G = Mean time per level.
                   A        B        C        D        E       F      G
               +--------+--------+--------+--------+--------+-----+--------+
         Total |   1380 |   1343 |     37 |    114 |    878 |   2 |  690.0 |
       Dungeon |   1380 |   1343 |     37 |    114 |    878 |   2 |  690.0 |
               +--------+--------+--------+--------+--------+-----+--------+

Top non-repeatable levels by time:
     D:1: 1160 daAuts
     D:2: 219 daAuts
